 Dungeon Sprint DCSS version 0.30-a0-4-ga7cffc901d (webtiles) character file.

Game seed: 15052469086045941211

262 mhtbhm the Unseen (level 5, -21/28 HPs)
             Began as a Spriggan Brigand on Aug 21, 2022.
             Was an Initiate of Dithmenos.
             Killed from afar by a deep elf pyromancer (27 damage)
             ... with a bolt of fire
             ... in the Dungeon (Sprint III: "The Ten Rune Challenge").
             The game lasted 00:02:40 (724 turns).

mhtbhm the Unseen (Spriggan Brigand)                 Turns: 724, Time: 00:02:41

Health: -21/28     AC:  3    Str:  7    XL:     5   Next: 97%
Magic:  6/6        EV: 17    Int: 13    God:    Dithmenos [......]
Gold:   21         SH:  0    Dex: 18    Spells: 1/4 levels left

rFire   . . .      SeeInvis +    a - +2 dagger
rCold   . . .      Faith    .    (no shield)
rNeg    . . .      Spirit   .    b - +0 robe
rPois   .          Reflect  .    (helmet restricted)
rElec   .          Harm     .    c - +0 cloak
rCorr   .          Rampage  .    (gloves unavailable)
Will    .....      NoTele   +    (boots unavailable)
Stlth   ++++++....               (no amulet)
HPRegen 0.09/turn                (no ring)
MPRegen 0.10/turn                (no ring)

@: hasted, very quick
A: very small, no large weapons, unfitting armour, see invisible, speed 3,
MP-powered wands, noise suppression
a: Renounce Religion


You were in the Dungeon.
You worshipped Dithmenos.
Dithmenos was noncommittal.
You visited 1 branch You collected 21 gold pieces.

Inventory:

Hand Weapons
 a - a +2 dagger (weapon)
Missiles
 d - 4 poisoned darts (quivered)
Armour
 b - a +0 robe (worn)
 c - a +0 cloak (worn)
Scrolls
 l - 2 scrolls of torment {unknown}
 m - 2 scrolls of identify {unknown}
Potions
 i - 2 potions of magic
 n - 4 potions of flight
 o - a potion of mutation


   Skills:
 + Level 3.4 Fighting
 + Level 5.2 Short Blades
 + Level 5.2 Throwing
 + Level 2.0 Dodging
 + Level 15.7 Stealth


You had one spell level left.
You knew the following spells:

 Your Spells              Type           Power      Damage    Failure   Level
a - Dazzling Flash        Conj/Hex       0%         N/A       67%         3

Your spell library contained the following spells:

 Spells                   Type           Power      Damage    Failure   Level
 Tukima's Dance           Hex            0%         N/A       67%         3
 Vampiric Draining        Necr           0%         2d6       67%         3
 Airstrike                Air            0%         2d(0-16)  97%         4
 Cause Fear               Hex            0%         N/A       97%         4
 Summon Lightning Spire   Summ/Air       0%         N/A       97%         4
 Lightning Bolt           Conj/Air       0%         1d11      100%        5
 Summon Mana Viper        Hex/Summ       0%         N/A       100%        5


Dungeon Overview and Level Annotations

Branches:
Dungeon (1/1)

Altars:
Dithmenos
Elyvilon
Kikubaaqudgha
Ru
Sif Muna
Vehumet
Yredelemnul
Zin
The Shining One


Innate Abilities, Weirdness & Mutations

You are very small and have problems with some larger weapons.
You are too small for most types of armour.
You have supernaturally acute eyesight. (SInv)
You cover ground extremely quickly. (Speed+++)
You expend magic power (3 MP) to strengthen your wands.
You passively dampen the noise of your surroundings.


Message History

The deep elf pyromancer is moderately wounded.
You hit the deep elf pyromancer.
The deep elf pyromancer is heavily wounded.
You hit the deep elf pyromancer.
The deep elf pyromancer is heavily wounded.
The deep elf pyromancer hits you with a +1 long sword of holy wrath.
You hit the deep elf pyromancer.
The deep elf pyromancer is severely wounded.
You closely miss the deep elf pyromancer.
The deep elf pyromancer is severely wounded.
The deep elf pyromancer completely misses you.
You closely miss the deep elf pyromancer.
The deep elf pyromancer is severely wounded.
You hit the deep elf pyromancer.
The deep elf pyromancer is severely wounded.
The deep elf pyromancer hits you with a +1 long sword of holy wrath!
* * * LOW HITPOINT WARNING * * *
You completely miss the deep elf pyromancer.
The deep elf pyromancer is severely wounded.
You hit the deep elf pyromancer.
The deep elf pyromancer is severely wounded.
The deep elf pyromancer closely misses you.
Press: ? - help, v - describe, . - travel The floor.
Throw: 5 darts (poison)
Press: ? - help, Q - select action Shift-Dir - straight line, f/p - deep elf pyromancer
Aim: a deep elf pyromancer, wielding a +1 long sword of holy wrath (almost dead, very poisoned, 54% to hit)
You throw a poisoned dart.
The poisoned dart closely misses the deep elf pyromancer.
You barely miss the deep elf pyromancer.
The deep elf pyromancer is almost dead.
The deep elf pyromancer barely misses you.
You hit the deep elf pyromancer.
The deep elf pyromancer is almost dead.
You hit the deep elf pyromancer.
The deep elf pyromancer is almost dead.
The deep elf pyromancer gestures at you while chanting.
The bolt of fire hits you!!
Ouch! That really hurt!
You die...

▓▓▓ # ##.##### ####
#####..#_☼_# #__#
.#..#..#!(○# #@e#
.#..#..###°#+###+##
.##'#..#....○†☼E..#
.###...(.⌠.(§○....#
####...#...######+#
###....#.⌠.#
##.....#...#
#......#'###
.#..)..#.))#


You could see a deep elf pyromancer (very poisoned).

Vanquished Creatures
  A necrophage (D)
  A water elemental (D)
  Crazy Yiuf (D)
  A wizard (D)
  Jessica (D)
  A necromancer (D)
  A human (D)
  A kobold demonologist (D)
  3 rats (D)
11 creatures vanquished.

Notes
Turn   | Place    | Note
-------+----------+-------------------------------------------
     0 | D        | mhtbhm the Spriggan Brigand began the quest for the Orb.
     0 | D        | Reached XP level 1. HP: 10/10 MP: 2/2
    11 | D        | Reached skill level 6 in Stealth
    31 | D        | Noticed Jessica
    36 | D        | Killed Jessica
    37 | D        | Reached skill level 9 in Stealth
    37 | D        | Reached XP level 2. HP: 15/15 MP: 3/3
   156 | D        | Noticed Crazy Yiuf
   377 | D        | Killed Crazy Yiuf
   378 | D        | Reached skill level 11 in Stealth
   378 | D        | Reached XP level 3. HP: 19/19 MP: 4/4
   396 | D        | Reached XP level 4. HP: 18/23 MP: 5/5
   504 | D        | Gained mutation: Your body sometimes deteriorates upon
                  | taking damage. [potion of mutation]
   504 | D        | Gained mutation: You have hidden genetic defects. [potion
                  | of mutation]
   504 | D        | Gained mutation: You are weak. (Str -2) [potion of
                  | mutation]
   504 | D        | Gained mutation: You passively dampen the noise of your
                  | surroundings. [potion of mutation]
   505 | D        | Lost mutation: You are weak. (Str -2) [potion of mutation]
   505 | D        | Lost mutation: Your body sometimes deteriorates upon taking
                  | damage. [potion of mutation]
   505 | D        | Gained mutation: You occasionally lose the ability to read
                  | scrolls when taking damage. [potion of mutation]
   505 | D        | Gained mutation: You have a pair of small antennae on your
                  | head. [potion of mutation]
   505 | D        | Gained mutation: Your spells are a little easier to cast,
                  | but a little less powerful. [potion of mutation]
   506 | D        | Lost mutation: Your spells are a little easier to cast, but
                  | a little less powerful. [potion of mutation]
   506 | D        | Lost mutation: You have hidden genetic defects. [potion of
                  | mutation]
   506 | D        | Lost mutation: You passively dampen the noise of your
                  | surroundings. [potion of mutation]
   506 | D        | Gained mutation: You occasionally lose the ability to drink
                  | potions when taking damage. [potion of mutation]
   506 | D        | Gained mutation: You expend magic power (3 MP) to
                  | strengthen your wands. [potion of mutation]
   507 | D        | Lost mutation: You occasionally lose the ability to read
                  | scrolls when taking damage. [potion of mutation]
   507 | D        | Lost mutation: You expend magic power (3 MP) to strengthen
                  | your wands. [potion of mutation]
   507 | D        | Lost mutation: You occasionally lose the ability to drink
                  | potions when taking damage. [potion of mutation]
   507 | D        | Gained mutation: Armour fits poorly on your strangely
                  | shaped body. [potion of mutation]
   508 | D        | Lost mutation: You have a pair of small antennae on your
                  | head. [potion of mutation]
   508 | D        | Lost mutation: Armour fits poorly on your strangely shaped
                  | body. [potion of mutation]
   508 | D        | Gained mutation: You passively dampen the noise of your
                  | surroundings. [potion of mutation]
   508 | D        | Gained mutation: You expend magic power (3 MP) to
                  | strengthen your wands. [potion of mutation]
   511 | D        | Noticed a water elemental
   514 | D        | Killed a water elemental
   515 | D        | Reached skill level 13 in Stealth
   529 | D        | Found a shadowy altar of Dithmenos.
   529 | D        | Noticed a necrophage
   530 | D        | Found a basalt altar of Yredelemnul.
   530 | D        | Found a sacrificial altar of Ru.
   534 | D        | Reached XP level 5. HP: 17/28 MP: 6/6
   543 | D        | Reached skill level 5 in Short Blades
   543 | D        | Reached skill level 15 in Stealth
   553 | D        | Became a worshipper of Dithmenos the Shadowed
   657 | D        | Found a radiant altar of Vehumet.
   658 | D        | Found a shimmering blue altar of Sif Muna.
   658 | D        | Found an ancient bone altar of Kikubaaqudgha.
   660 | D        | Reached skill level 5 in Throwing
   665 | D        | Got the Reference Book on Hexes and Unhallowed Rites
   673 | D        | Learned a level 3 spell: Dazzling Flash
   678 | D        | Found a glowing silver altar of Zin.
   679 | D        | Found a glowing golden altar of the Shining One.
   679 | D        | Found a white marble altar of Elyvilon.
   679 | D        | Noticed a deep elf pyromancer
   687 | D        | Noticed a fire elemental
   724 | D        | Killed from afar by a deep elf pyromancer

Illustrated notes

Levels and vault maps discovered:
D:        dungeon_sprint_mu [sprint_mu_entry_cave, sprint_mu_temple_rooms,
          sprint_mu_d1_horrors, sprint_mu_d2_genie, sprint_mu_d3_branching,
          sprint_mu_orc_legion, sprint_mu_elf_gauntlet, sprint_mu_hive_nellie,
          sprint_mu_lair_fedhas, sprint_mu_vaults_butterflies,
          sprint_mu_slime_circle, sprint_mu_shoals_kraken,
          sprint_mu_snake_twists, sprint_mu_blade_basic,
          sprint_mu_crypt_fortress, sprint_mu_tomb_spiral,
          sprint_mu_vestibule_basic, sprint_mu_gehenna_hellfire,
          sprint_mu_dis_giant, sprint_mu_tartarus_statrot,
          sprint_mu_cocytus_islands, sprint_mu_zot1]

Skill      XL: |  1  2  3  4  5 |
---------------+----------------+-----
Stealth        | 9 11 13 15 | 15.7
Fighting       | 2 3 |  3.4
Short Blades   | 3 4 5 |  5.2
Throwing       | 3 4 5 |  5.2
Dodging        | 2 |  2.0

Action                   |  1- 3 |  4- 6 || total
-------------------------+-------+-------++-------
Melee: Dagger            |    11 |    27 ||    38
Throw: Dart              |     9 |    13 ||    22
  Use: Potion            |       |    10 ||    10
       Scroll            |       |     1 ||     1
 Stab: Sleeping          |     1 |     3 ||     4
Armor: Robe              |     1 |       ||     1
Dodge: Dodged            |     2 |    12 ||    14

Table legend: (Time is in decaauts)
 A = Elapsed time spent in this place.
 B = Non-inter-level travel time spent in this place.
 C = Inter-level travel time spent in this place.
 D = Time resting spent in this place.
 E = Time spent auto-exploring this place.
 F = Levels seen in this place.
 G = Mean time per level.
                   A        B        C        D        E       F      G
               +--------+--------+--------+--------+--------+-----+--------+
         Total |    642 |    642 |      0 |    459 |     10 |   1 |  642.0 |
       Dungeon |    642 |    642 |      0 |    459 |     10 |   1 |  642.0 |
               +--------+--------+--------+--------+--------+-----+--------+

Top non-repeatable levels by time:
       D: 642 daAuts
